 Dungeon Crawl Stone Soup version 0.21-a0-472-g223bcb9 (webtiles) character file.

210 slep the Slasher (level 5, -5/43 HPs)
             Began as a Barachi Monk on Nov 22, 2017.
             Slain by an iguana (8 damage)
             ... on level 4 of the Dungeon.
             The game lasted 00:09:44 (2892 turns).

slep the Slasher (Barachi Monk)                     Turns: 2892, Time: 00:09:45

Health: -5/43      AC:  5    Str: 12    XL:     5   Next: 87%
Magic:  5/5        EV: 12    Int: 10    God:
Gold:   148        SH:  4    Dex: 16    Spells: 4/4 levels left

rFire    . . .     SeeInvis .   a - +0 falchion
rCold    . . .     Gourm    .   D - +0 buckler
rNeg     . . .     Faith    .   d - -1 ring mail (curse)
rPois    .         Spirit   .   j - +0 helmet
rElec    .         Reflect  .   (no cloak)
rCorr    .         Harm     .   (no gloves)
MR       .....                  (no boots)
Stlth    +.........             (no amulet)
HPRegen  0.14/turn              (no ring)
MPRegen  0.09/turn              (no ring)

@: slow
A: +LOS, swims, slowness 1, strong legs 1
a: Hop


You were on level 4 of the Dungeon.
You were not hungry.

You visited 1 branch of the dungeon, and saw 4 of its levels.

You collected 148 gold pieces.

Inventory:

Hand Weapons
 a - a +0 falchion (weapon)
 i - a cursed -2 mace
 A - a cursed -2 hand axe
Missiles
 k - 3 javelins (quivered)
 u - 13 poisoned needles
 y - 5 tomahawks
Armour
 b - a +0 robe
 d - a cursed -1 ring mail (worn)
 j - a +0 helmet (worn)
 m - a +3 leather armour
 D - a +0 buckler (worn)
Wands
 w - a wand of random effects (24)
 B - a wand of paralysis (12)
Scrolls
 h - 10 scrolls of identify {unknown}
 n - a scroll of magic mapping {unknown}
 o - a scroll of fear {unknown}
 p - 2 scrolls of remove curse {unknown}
 q - 3 scrolls of teleportation {unknown}
 s - a scroll of random uselessness {unknown}
 t - a scroll of fog {unknown}
 v - a scroll of enchant weapon {unknown}
 C - 2 scrolls of immolation {unknown}
Potions
 e - a potion of flight {unknown}
 g - 5 potions of haste {unknown}
 l - a potion of brilliance {unknown}
 r - a potion of curing {unknown}
 z - a potion of invisibility {unknown}
 E - a potion of ambrosia {unknown}
 F - a potion of heal wounds {unknown}
Comestibles
 c - 4 bread rations
 f - 16 fruits
 x - a meat ration
 G - 4 chunks of flesh


   Skills:
 + Level 4.5 Fighting
 + Level 5.4 Long Blades
 + Level 2.7 Armour
 + Level 4.1 Dodging
 + Level 2.1 Stealth
 + Level 0.4 Shields


You had 4 spell levels left.
You didn't know any spells.

Dungeon Overview and Level Annotations

Branches:
Dungeon (4/15)
 Temple: D:4-7

Altars:
Hepliaklqana
Ru
Trog
The Shining One


Innate Abilities, Weirdness & Mutations

Shadows flee at your approach. (+LOS)
You can swim through water.
You cover ground slowly.
You can hop short distances.


Message History

You hit the iguana but do no damage. The iguana bites you.
* * * LOW HITPOINT WARNING * * *
You hit the iguana.
The iguana is lightly wounded.
The iguana bites you!
* * * LOW HITPOINT WARNING * * *
You hit the iguana but do no damage.
The iguana is lightly wounded.
The iguana misses you.
You riposte.
You hit the iguana.
The iguana is moderately wounded.
You barely miss the iguana.
The iguana is moderately wounded.
The iguana closely misses you.
You barely miss the iguana.
The iguana is moderately wounded.
You block the iguana's attack.
You hit the iguana but do no damage.
The iguana is moderately wounded.
The iguana bites you!
You die...

#...# #.# .#
...#####)####.#
#.....†<.....#
#............#
#.#..###..#>.## #
##......#..####.####
#..###[.#...........
#. #.....@l.......
#.....####.####
##.#$.# #.#..#
#.#..# #.#..# ..#..#
...... ###..#


You could see an iguana.

Vanquished Creatures
  A hound (D:3)
  An orc priest (D:4)
  An orc wizard (D:3)
  3 adders (D:2)
  An ooze (D:3)
  2 worms
  2 leopard geckos (D:2)
  7 orcs
  2 ball pythons
  5 bats
  6 giant cockroaches
  3 goblins
  10 hobgoblins
  4 jackals (D:1)
  9 kobolds
  2 quokkas
  8 frilled lizards
  11 rats
78 creatures vanquished.

Notes
Turn   | Place    | Note
-------+----------+-------------------------------------------
     0 | D:1      | slep the Barachi Monk began the quest for the Orb.
     0 | D:1      | Reached XP level 1. HP: 18/18 MP: 1/1
   114 | D:1      | Reached XP level 2. HP: 19/25 MP: 2/2
   225 | D:1      | Reached skill level 4 in Long Blades
   308 | D:1      | Reached XP level 3. HP: 30/30 MP: 3/3
   655 | D:2      | Found a bloodstained altar of Trog.
   655 | D:2      | Found a hazy altar of Hepliaklqana.
   657 | D:2      | Found a sacrificial altar of Ru.
   703 | D:2      | Reached skill level 1 in Armour
   753 | D:2      | Reached XP level 4. HP: 27/37 MP: 4/4
  1152 | D:2      | Found a glowing golden altar of the Shining One.
  1656 | D:3      | Reached skill level 5 in Long Blades
  1913 | D:3      | Reached XP level 5. HP: 21/43 MP: 5/5
  2888 | D:4      | HP: 2/43 [iguana (9)]
  2892 | D:4      | Slain by an iguana

Vault maps used:
D:1:      ncdulo_halloftheorcs, columned_hall_lemuel
D:2:      nicolae_overflow_hidden_temple, dk_vineyard_2,
          nicolae_tso_carved_into_rock
D:3:      first_bread, serial_bayou_crossing
D:4:      minmay_temple_entry_statues_pillars, serial_shops,
          kennysheep_little_box

Skill      XL: |  1  2  3  4  5 |
---------------+----------------+-----
Long Blades    | 4 5 |  5.4
Fighting       | 4 |  4.5
Armour         | 1 2 |  2.7
Stealth        | 2 |  2.1
Dodging        | 4 |  4.1
Shields        | |  0.4

Action                   |  1- 3 |  4- 6 || total
-------------------------+-------+-------++-------
Melee: Falchion          |   126 |   189 ||   315
 Stab: Sleeping          |     2 |     1 ||     3
  Eat: Chunk             |       |     8 ||     8
Armor: Robe              |     9 |       ||     9
       Ring mail         |    46 |    52 ||    98
Dodge: Dodged            |    95 |   126 ||   221
Block: Buckler           |       |    17 ||    17
       Rpst.: Falchion   |    28 |    42 ||    70

Table legend:
 A = Spawn XP
 B = Non-spawn XP
 C = Spawn XP percentage of total XP
 D = Spawn monster count
 E = Non-spawn monster count
 F = Spawn count percentage of total count
 G = Total turns spent on level
                    A         B        C        D         E        F      G
               +---------+---------+-------+---------+---------+-------+---------
         Total |       0 |     300 |   0.0 |       0 |      78 |   0.0 |  2892
               +---------+---------+-------+---------+---------+-------+---------
           D:1 |       0 |      47 |   0.0 |       0 |      31 |   0.0 |   645
           D:2 |       0 |      80 |   0.0 |       0 |      25 |   0.0 |  1007
           D:3 |       0 |     128 |   0.0 |       0 |      19 |   0.0 |  1182
           D:4 |       0 |      45 |   0.0 |       0 |       3 |   0.0 |    58
               +---------+---------+-------+---------+---------+-------+---------
